 Dungeon Crawl Stone Soup version 0.28-a0-1594-ga885d4b3d6 (webtiles) character file.

Game seed: 13032416192374538766

12 gruber the Chiller (level 2, 14/19 HPs)
             Began as a Demonspawn Ice Elementalist on Jan 20, 2022.
             Quit the game on level 1 of the Dungeon.
             The game lasted 00:00:20 (142 turns).

gruber the Chiller (Demonspawn Ice Elementalist)     Turns: 142, Time: 00:00:21

Health: 14/19      AC:  2    Str:  8    XL:     2   Next: 20%
Magic:  0/5        EV: 12    Int: 16    God:
Gold:   2          SH:  0    Dex: 13    Spells: 4/5 levels left

rFire   x . .      SeeInvis .   (no weapon)
rCold   + . .      Faith    .   (no shield)
rNeg    . . .      Spirit   .   a - +0 robe
rPois   .          Reflect  .   (helmet restricted)
rElec   .          Harm     .   (no cloak)
rCorr   .          Rampage  .   (no gloves)
Will    .....                   (no boots)
Stlth   ++........              (no amulet)
HPRegen 0.06/turn               c - ring of ice
MPRegen 0.09/turn               (no ring)

@: no status effects
A: antennae 1
a: no special abilities


You were on level 1 of the Dungeon.
You visited 1 branch of the dungeon, and saw 1 of its levels.

You collected 2 gold pieces.

Inventory:

Armour
 a - a +0 robe (worn)
Jewellery
 c - a ring of ice (left hand)
Scrolls
 b - a scroll of identify {unknown}


   Skills:
 - Level 1.7 Dodging
 - Level 1.7 Stealth
 + Level 2.1 Spellcasting
 + Level 4.1 Ice Magic


You had 4 spell levels left.
You knew the following spells:

 Your Spells              Type           Power      Damage    Failure   Level
a - Freeze                Ice            88%        1d10      3%          1

Your spell library contained the following spells:

 Spells                   Type           Power      Damage    Failure   Level
 Frozen Ramparts          Ice            44%        1d6       12%         3
 Ozocubu's Armour         Ice            22%        N/A       12%         3
 Hailstorm                Conj/Ice       12%        3d5       65%         4


Dungeon Overview and Level Annotations

Branches:
Dungeon (1/15)

Altars:


Innate Abilities, Weirdness & Mutations

You have a pair of small antennae on your head.


Message History

You can't see any susceptible monsters within range! (Use Z to cast anyway.)
The bat closely misses you.
You see here a bat corpse.
You feel a surge of power!
You freeze the bat.
You kill the bat!
You are too depleted to draw on your mana recklessly!
You are too depleted to draw on your mana recklessly!
No target in view!
You are too depleted to draw on your mana recklessly!
Your magical contamination has completely faded away.
HP restored.
You see here a bat corpse.
You now have 2 gold pieces.
A gnoll comes into view. It is wielding a +0 spear.
A gnoll is nearby!
A gnoll is nearby!
A gnoll is nearby!
A rat comes into view.
The gnoll closely misses you.
The rat twitches its whiskers.
The gnoll hits you with a +0 spear.
You feel a surge of power!
You freeze the gnoll.
The gnoll is heavily wounded.
The gnoll hits you but does no damage.
You feel a surge of power!
You freeze the gnoll!
You kill the gnoll!
Your Ice Magic skill increases to level 4!
You have reached level 2!
You feel monstrous as your demonic heritage exerts itself.
Your demonic ancestry asserts itself...
A pair of antennae grows on your head!
You feel a surge of power!
You freeze the rat.
You kill the rat!
You are too depleted to draw on your mana recklessly!
You are too depleted to draw on your mana recklessly!
Autopickup is now off.
Autopickup is now on.
Unknown command.
Unknown command.
Are you sure you want to abandon this character and quit the game? (Confirm with "yes".)

#### ..# #.#
#####.##########
#..........)@..#
#.....########.#
#.....# #.#
#.....# #.#
#.....# #.#
#.###.# #.# ..#
##. #.# ###.# #
# #.# #.#. # #.#


There were no monsters in sight!

Vanquished Creatures
  A gnoll (D:1)
  A ball python (D:1)
  2 bats (D:1)
  A rat (D:1)
5 creatures vanquished.

Notes
Turn   | Place    | Note
-------+----------+-------------------------------------------
     0 | D:1      | gruber the Demonspawn Ice Elementalist began the quest for
                  | the Orb.
     0 | D:1      | Reached XP level 1. HP: 13/13 MP: 3/3
   141 | D:1      | Reached skill level 4 in Ice Magic
   141 | D:1      | Discovered your monstrous ancestry.
   141 | D:1      | Gained mutation: You have a pair of small antennae on your
                  | head. [demonic ancestry]
   141 | D:1      | Reached XP level 2. HP: 14/19 MP: 1/5
   142 | D:1      | Quit the game

Illustrated notes

Levels and vault maps discovered:
D:1:      psy_arrival_radial01, layout_loops_ring,
          shapermc_ecumenical_altar_rom_forum, serial_shops, nicolae_shop_stone,
          shop_fountains

Skill      XL: |  1 |
---------------+----+-----
Ice Magic      | 4 |  4.1
Dodging        | |  1.7
Stealth        | |  1.7
Spellcasting   | |  2.1

Action                   || total
-------------------------++-------
Melee: Unarmed           ||     2
 Cast: Freeze            ||     6
Armor: Robe              ||     2
Dodge: Dodged            ||     6

Table legend: (Time is in decaauts)
 A = Elapsed time spent in this place.
 B = Non-inter-level travel time spent in this place.
 C = Inter-level travel time spent in this place.
 D = Time resting spent in this place.
 E = Time spent auto-exploring this place.
 F = Levels seen in this place.
 G = Mean time per level.
                   A        B        C        D        E       F      G
               +--------+--------+--------+--------+--------+-----+--------+
         Total |    141 |    141 |      0 |      0 |    107 |   1 |  141.0 |
       Dungeon |    141 |    141 |      0 |      0 |    107 |   1 |  141.0 |
               +--------+--------+--------+--------+--------+-----+--------+

Top non-repeatable levels by time:
     D:1: 141 daAuts
